 Dungeon Sprint DCSS version 0.28-a0-422-gd71735cc25 (webtiles) character file.

Game seed: 2019948473485666453

296 Lochraine the Chucker (level 6, -4/100 HPs)
             Began as a Troll Hunter on Sept 8, 2021.
             Was an Initiate of Wu Jian.
             Slain by Sonja (17 damage)
             ... in the Dungeon (Sprint I: "Red Sonja").
             The game lasted 00:02:16 (159 turns).

Lochraine the Chucker (Troll Hunter)                 Turns: 159, Time: 00:02:17

Health: -4/100     AC:  4    Str: 22    XL:     6   Next: 12%
Magic:  5/5        EV: 10    Int:  7    God:    Wu Jian [......]
Gold:   297        SH:  0    Dex: 11    Spells: 5/5 levels left

rFire   . . .      SeeInvis .     - Unarmed
rCold   . . .      Faith    .   (no shield)
rNeg    . . .      Spirit   .   b - +0 robe
rPois   .          Reflect  .   (helmet restricted)
rElec   .          Harm     .   (no cloak)
rCorr   .          Rampage  .   (gloves unavailable)
Will    .....      NoTele   +   (boots unavailable)
Stlth   ..........              (no amulet)
HPRegen 1.26/turn               (no ring)
MPRegen 0.09/turn               (no ring)

@: berserking (expiring), very quick
A: large, unfitting armour, claws 3, regeneration 1, shaggy fur 1, tough skin 1
a: Renounce Religion


You were in the Dungeon.
You worshipped Wu Jian.
Wu Jian was noncommittal.
You visited 1 branch You collected 297 gold pieces.

Inventory:

Missiles
 c - 3 large rocks (quivered)
Armour
 b - a +0 robe (worn)
Scrolls
 j - a scroll of blinking
Potions
 g - a potion of haste {@q3}
 h - 2 potions of magic
 i - 2 potions of berserk rage


   Skills:
 + Level 6.1 Fighting
 + Level 7.5 Throwing
 - Level 2.6 Dodging
 - Level 1.4 Stealth
 + Level 7.0 Unarmed Combat


You had 5 spell levels left.
You didn't know any spells.
Your spell library was empty.

Dungeon Overview and Level Annotations

Branches:
Dungeon (1/1)

Altars:
Sif Muna
Vehumet
Wu Jian

Annotations:
D Sonja


Innate Abilities, Weirdness & Mutations

You are too large for most types of armour.
You have claws for hands.
Your natural rate of healing is unusually fast.
You are covered in fur. (AC +1)
You have tough skin. (AC +1)


Message History

You throw a large rock. The large rock barely misses Sonja.
Sonja closely misses you. x2
Sonja hits you with a +2 short sword of distortion.
Sonja hits you with a +2 short sword of distortion!
Sonja closely misses you. Sonja hits you but does no damage.
Sonja hits you with a +2 short sword of distortion!
Sonja hits you with a +2 short sword of distortion.
Space warps horribly around you!
* * * LOW HITPOINT WARNING * * *
Sonja hits you with a +2 short sword of distortion.
* * * LOW HITPOINT WARNING * * *
Space bends around you.
* * * LOW HITPOINT WARNING * * *
Unknown command.
You feel much better.
Sonja casts a spell.
Sonja blinks!
Unknown command.
Unknown command.
A red film seems to cover your vision as you go berserk!
You feel yourself moving faster!
You feel mighty!
Sonja throws a curare-tipped dart.
The curare-tipped dart completely misses you.
You feel a strong urge to attack something.
Sonja throws a curare-tipped dart.
The curare-tipped dart misses you.
There is an open door here.
You feel your anger nearly subside.
Sonja hits you with a +2 short sword of distortion.
Sonja hits you with a +2 short sword of distortion.
Space warps horribly around you!!
Sonja hits you with a +2 short sword of distortion.
Space bends around you.
* * * LOW HITPOINT WARNING * * *
You closely miss Sonja.
Sonja hits you with a +2 short sword of distortion.
* * * LOW HITPOINT WARNING * * *
Sonja hits you with a +2 short sword of distortion.
* * * LOW HITPOINT WARNING * * *
Space bends around you.
* * * LOW HITPOINT WARNING * * *
Sonja hits you with a +2 short sword of distortion!
* * * LOW HITPOINT WARNING * * *
Space warps horribly around you!
* * * LOW HITPOINT WARNING * * *
Unknown command.
You barely miss Sonja. Sonja barely misses you.
Sonja hits you with a +2 short sword of distortion.
* * * LOW HITPOINT WARNING * * *
Space warps horribly around you!
You die...

################
#<.#))'..#..'..#
#..'..#..').#..+
#..#####'#####'#
#..# #..#...#)#
#..# ####..##.#
#..# ##K#_.+
#⌠⌠# +.@._# ####
#_.#+# ##'# #.#
$.$ #$.$# ##(##
#+#


You could see Sonja.

Vanquished Creatures
  Sigmund (D)
  An ogre (D)
  A jelly (D)
  Ijyb (D)
4 creatures vanquished.

Notes
Turn   | Place    | Note
-------+----------+-------------------------------------------
     0 | D        | Lochraine the Troll Hunter began the quest for the Orb.
     0 | D        | Reached XP level 1. HP: 19/19 MP: 0/0
     2 | D        | Noticed Ijyb
    53 | D        | Killed Ijyb
    54 | D        | Reached skill level 1 in Stealth
    54 | D        | Reached XP level 2. HP: 25/29 MP: 1/1
    59 | D        | Noticed an ogre
    61 | D        | Killed an ogre
    62 | D        | Reached skill level 5 in Throwing
    62 | D        | Reached XP level 3. HP: 40/40 MP: 2/2
    62 | D        | Reached XP level 4. HP: 49/49 MP: 3/3
    73 | D        | Noticed Sigmund
    91 | D        | Killed Sigmund
    92 | D        | Reached skill level 5 in Fighting
    92 | D        | Reached XP level 5. HP: 44/59 MP: 4/4
    92 | D        | Reached XP level 6. HP: 50/67 MP: 5/5
   116 | D        | Found a shimmering blue altar of Sif Muna.
   117 | D        | Found an ornate altar of the Wu Jian Council.
   118 | D        | Found a radiant altar of Vehumet.
   128 | D        | Became a worshipper of the Wu Jian Council
   149 | D        | Noticed Sonja
   159 | D        | Slain by Sonja

Illustrated notes

Levels and vault maps discovered:
D:        dungeon_sprint_1 [red_sonja_temple_1, red_sonja_temple_small_1]

Skill      XL: |  1  2  3  4  5  6 |
---------------+-------------------+-----
Fighting       | 2 4 5 6 |  6.1
Throwing       | 4 5 7 |  7.5
Dodging        | 2 |  2.6
Stealth        | 1 |  1.4
Unarmed Combat | 2 4 6 7 |  7.0

Action                   |  1- 3 |  4- 6 || total
-------------------------+-------+-------++-------
Melee: Unarmed           |    25 |     9 ||    34
Throw: Large rock        |     2 |     3 ||     5
       Throwing net      |     1 |     1 ||     2
  Use: Potion            |     1 |     2 ||     3
Armor: Robe              |     4 |     2 ||     6
Dodge: Dodged            |     5 |    11 ||    16

Table legend: (Time is in decaauts)
 A = Elapsed time spent in this place.
 B = Non-inter-level travel time spent in this place.
 C = Inter-level travel time spent in this place.
 D = Time resting spent in this place.
 E = Time spent auto-exploring this place.
 F = Levels seen in this place.
 G = Mean time per level.
                   A        B        C        D        E       F      G
               +--------+--------+--------+--------+--------+-----+--------+
         Total |    153 |    153 |      0 |     12 |      0 |   1 |  153.0 |
       Dungeon |    153 |    153 |      0 |     12 |      0 |   1 |  153.0 |
               +--------+--------+--------+--------+--------+-----+--------+

Top non-repeatable levels by time:
       D: 153 daAuts
